 Dungeon Crawl Stone Soup version 0.17-a0-2127-g1cb09f6 (webtiles) character file.

492 HaroldButt the Insei (level 6, -5/47 HPs)
             Began as a Draconian Transmuter on Oct 23, 2015.
             Slain by an iguana (6 damage)
             ... on level 4 of the Dungeon.
             The game lasted 00:14:05 (3817 turns).

HaroldButt the Insei (Draconian Transmuter)         Turns: 3817, Time: 00:14:05

Health: -5/47      AC:  8    Str: 13    XL:     6   Next: 91%
Magic:  8/9        EV: 12    Int: 15    God:
Gold:   255        SH:  0    Dex: 13    Spells: 2 memorised, 6 levels left

rFire  + . .     SeeInvis .       - Unarmed
rCold  . . .     Clarity  .     (armour unavailable)
rNeg   . . .     SustAt   .     (no shield)
rPois  .         Gourm    .     (helmet restricted)
rElec  .         Spirit   .     s - +0 cloak
rCorr  .         Warding  .     j - +0 pair of gloves
rMut   .         Stasis   .     (boots currently unavailable)
MR     .....                    (no amulet)
Stlth  +.........               y - +2 ring of intelligence
                                d - ring of protection from fire

@: lethally poisoned (-5 -> -6), appendage, not resistant to hostile
enchantments, very unstealthy
A: unfitting armour, talons 3, cold-blooded, AC +6
a: End Transformation


You were on level 4 of the Dungeon.
You were hungry.
You had grown temporary talons.
You visited 1 branch of the dungeon, and saw 4 of its levels.

You collected 255 gold pieces.

Inventory:

Missiles
 a - 39 arrows
 e - 206 stones (quivered)
Armour
 j - a +0 pair of gloves (worn)
 s - a +0 cloak (worn)
Jewellery
 d - a ring of protection from fire (left hand)
 k - an uncursed amulet of guardian spirit
 l - an uncursed ring of wizardry
 n - an uncursed ring of sustain attributes
 y - a +2 ring of intelligence (right hand)
Scrolls
 h - 3 scrolls of remove curse
 i - a scroll of fear
Potions
 f - a potion of might
 g - a potion of agility {unknown}
 t - a potion of cure mutation
 u - a potion of haste
 w - a potion of heal wounds
 A - a potion of curing
Books
 b - a book of Changes

   Spells                             Type                      Level
   a - Beastly Appendage              Transmutation                1
   b - Sticks to Snakes               Transmutation                2
   c - Spider Form                    Transmutation/Poison         3
   d - Ice Form                       Ice/Transmutation            4
   e - Blade Hands                    Transmutation                5
 q - a book of Death

   Spells                             Type                      Level
   a - Corpse Rot                     Necromancy                   2
   b - Sublimation of Blood           Necromancy                   2
   c - Agony                          Necromancy                   5
   d - Dispel Undead                  Necromancy                   5
   e - Excruciating Wounds            Charms/Necromancy            5
   f - Bolt of Draining               Conjuration/Necromancy       5
Comestibles
 c - 3 bread rations
 m - 4 meat rations
 o - 2 chunks of flesh


   Skills:
 - Level 1.1 Fighting
 - Level 1.7 Dodging
 + Level 6.3 Unarmed Combat
 - Level 2.0 Spellcasting
 + Level 5.0 Transmutations


You had 6 spell levels left.
You knew the following spells:

 Your Spells              Type           Power        Failure   Level  Hunger
a - Beastly Appendage     Trmt           ###...       2%          1    #......
b - Sticks to Snakes      Trmt           ###.......   4%          2    ###....


Dungeon Overview and Level Annotations

Branches:
Dungeon (4/15)
 Temple: D:4-7

Altars:
Xom

Annotations:
D:2 Robin


Innate Abilities, Weirdness & Mutations

Your plain brown scales are hard (AC +6).
Your body does not fit into most forms of armour.
You are cold-blooded and may be slowed by cold attacks.
You have claws for feet.


Message History

o - 2 chunks of flesh You feel sick.
Casting: Beastly Appendage
Confirm with . or Enter, or press ? or * to list all spells.
Your feet morph into talons.
You closely miss the iguana. The iguana closely misses you.
You barely miss the iguana. You claw the iguana, but do no damage.
You tail-slap the iguana.
The iguana is lightly wounded.
You feel sick. The iguana bites you.
* * * LOW HITPOINT WARNING * * *
You closely miss the iguana. You tail-slap the iguana.
The iguana is lightly wounded.
The iguana bites you!
* * * LOW HITPOINT WARNING * * *
You barely miss the iguana. Your kick misses the iguana.
Your tail-slap misses the iguana.
The iguana is lightly wounded.
The iguana bites you.
You die...

#...[...#.....# ##......"#
#.......##....###.######.#
##.....###....##.## ##.##
##...## ###..#.## ##...# #
####'########.#.######.....
#
#.............#.#..........
#
#.............#.#.####.....
# #.............#.#.#
##...# #
#[########@####.#.# ##### #
#..### *#.l.#*#.#.#
#######....#*#.....##...#
...[..#....##.......#..##
.######.....#.......#..#
###
#.....##....#.......#..##
#..
..######....##.....##...#
#.# ..# ###..###...#####.#
#.# [.# #######.#####** #.#
#.#


You could see an iguana.

Vanquished Creatures
  A water moccasin skeleton (D:4)
  A jelly (D:4)
  A centaur skeleton (D:4)
  Ijyb (D:3)
  An iguana (D:4)
  Jessica (D:3)
  5 worker ants (D:4)
  6 adders
  An adder skeleton (D:4)
  A worm (D:4)
  4 giant geckos
  12 orcs
  8 giant cockroaches
  10 hobgoblins
  4 quokkas
  5 bats
  3 giant newts
  12 goblins
  7 jackals
  5 kobolds
  8 rats
97 creatures vanquished.

Vanquished Creatures (others)
  A giant newt (D:1)
1 creature vanquished.

Grand Total: 98 creatures vanquished

Notes
Turn   | Place    | Note
--------------------------------------------------------------
     0 | D:1      | HaroldButt the Draconian Transmuter began the quest for the Orb.
     0 | D:1      | Reached XP level 1. HP: 16/16 MP: 3/3
   248 | D:1      | Reached XP level 2. HP: 2/23 MP: 5/5
  1129 | D:1      | Learned a level 2 spell: Sticks to Snakes
  1500 | D:2      | Reached XP level 3. HP: 20/28 MP: 4/6
  1710 | D:2      | Noticed Robin
  1719 | D:2      | Reached skill level 4 in Unarmed Combat
  2131 | D:3      | Reached XP level 4. HP: 25/35 MP: 4/7
  2195 | D:3      | Noticed Jessica
  2206 | D:3      | Killed Jessica
  2689 | D:3      | Noticed Ijyb
  2716 | D:3      | Killed Ijyb
  2716 | D:3      | Reached skill level 5 in Unarmed Combat
  2716 | D:3      | Reached XP level 5. HP: 35/40 MP: 8/8
  3164 | D:4      | Reached XP level 6. HP: 43/47 MP: 7/9
  3322 | D:4      | Found a shimmering altar of Xom.
  3399 | D:4      | Reached skill level 6 in Unarmed Combat
  3801 | D:4      | Reached skill level 5 in Transmutations
  3816 | D:4      | HP: 1/47 [iguana (10)]
  3817 | D:4      | Slain by an iguana

Vault maps used:
D:1:      shiori_arrival_oz
D:2:      first_bread, uniq_robin
D:3:      dk_noncrumbling_3, uniq_jessica, uniq_iyjb
D:4:      minmay_opposing_rooms, xom_teletrap_fun, serial_bayou_pond_d

Action                   |  1- 3 |  4- 6 || total
-------------------------+-------+-------++-------
Melee: Unarmed           |   213 |   277 ||   490
Throw: Stone             |     4 |     1 ||     5
 Cast: Beastly Appendage |     5 |     4 ||     9
  Use: Scroll            |       |    14 ||    14
 Stab: Sleeping          |       |     2 ||     2
  Eat: Chunk             |     3 |     3 ||     6
       Royal jelly       |       |     1 ||     1
       Pizza             |       |     1 ||     1
